 Dungeon Crawl Stone Soup version 0.20-a0-263-g81abdfb (webtiles) character file.

4523 patrickswayze the Carver (level 10, -5/63 HPs)
             Began as a High Elf Chaos Knight on Dec 4, 2016.
             Slain by a yak (13 damage)
             ... while paralysed
             ... on level 8 of the Dungeon.
             The game lasted 00:18:18 (9934 turns).

patrickswayze the Carver (High Elf Chaos Knight)    Turns: 9934, Time: 00:18:19

Health: -5/63      AC: 12    Str: 10 (11) XL:     10   Next: 17%
Magic:  11/11      EV:  2    Int: 18      God:    Xom [..*...]
Gold:   397        SH:  0    Dex: 13      Spells: 9/9 levels left

rFire  . . .     SeeInvis .     a - +0 falchion (chaos)
rCold  + . .     Gourm    .     s - +2 leather armour
rNeg   . . .     Faith    .     (no shield)
rPois  +         Spirit   .     (helmet restricted)
rElec  .         Reflect  .     y - +0 cloak
rCorr  .         Harm     .     C - +1 pair of gloves
MR     ++...                    O - +0 pair of boots
Stlth  +.........               (no amulet)
                                (no ring)
                                z - ring of protection from cold

@: paralysed, exhausted, very slightly contaminated, hasted and slowed
A: horns 1, molten scales 1, clumsy 1, deterioration 1, dopey 1, magic
resistance 1, poison resistance
a: Renounce Religion


You were on level 8 of the Dungeon.
You worshipped Xom.
You were a toy of Xom.
You were hungry.

You visited 1 branch of the dungeon, and saw 9 of its levels.
You also visited: Ossuary.

You collected 397 gold pieces.


Innate Abilities, Weirdness & Mutations

You have a pair of small horns on your head.
You are partially covered in molten scales. (AC +2)
You are clumsy. (Dex -2)
Your body sometimes deteriorates upon taking damage.
You are dopey. (Int -2)
You are resistant to hostile enchantments. (MR+)
Your system is resistant to poisons. (rPois)


   Skills:
 - Level 3.0 Fighting
 - Level 13.0 Long Blades
 - Level 5.1 Armour
 + Level 9.5 Dodging


You had 9 spell levels left.
You didn't know any spells.

Inventory:

Hand Weapons
 a - a +0 falchion of chaos (weapon)
 b - a +0 long sword
 J - a +3 triple sword of holy wrath
Missiles
 n - 144 stones (quivered)
Armour
 s - a +2 leather armour (worn)
 y - a +0 cloak (worn)
 C - a +1 pair of gloves (worn)
 O - a +0 pair of boots (worn)
 T - a +3 scale mail
Jewellery
 z - a ring of protection from cold (left hand)
Wands
 u - a wand of flame (31/48)
 D - a wand of acid (0/15)
 H - a wand of iceblast (0/15)
 I - a wand of lightning (0/15)
 M - a wand of enslavement (13/24)
 N - a wand of disintegration (15/24)
 P - a wand of lightning (5/15)
Scrolls
 d - 8 scrolls of identify
 f - 2 scrolls of blinking
 i - a scroll of teleportation
 l - 2 scrolls of recharging
 o - 4 scrolls of remove curse
 v - 3 scrolls of magic mapping
 G - a scroll of enchant armour
 K - a scroll of immolation
 Q - a scroll of fog {unknown}
 R - 4 scrolls of amnesia {unknown}
 S - a scroll of noise {unknown}
Potions
 e - a potion of ambrosia {unknown}
 g - a potion of agility
 h - a potion of berserk rage {!q}
 j - a potion of magic {unknown}
 k - a potion of cancellation {unknown}
 m - 5 potions of curing {unknown}
 r - a potion of brilliance {unknown}
 t - 3 potions of heal wounds
 w - 2 potions of flight {unknown}
 x - a potion of lignification {unknown}
 A - 2 potions of degeneration {unknown}
 E - a potion of might {unknown}
 F - 2 potions of haste
 L - a potion of mutation {unknown}
Books
 B - a book of Conjurations

   Spells                             Type                      Level
   a - Magic Dart                     Conjuration                  1
   b - Searing Ray                    Conjuration                  2
   c - Dazzling Spray                 Conjuration/Hexes            3
   d - Fulminant Prism                Conjuration/Hexes            4
   e - Iskenderun's Mystic Blast      Conjuration                  4
   f - Iskenderun's Battlesphere      Conjuration/Charms           5
 V - a book of Battle

   Spells                             Type                      Level
   a - Infusion                       Charms                       1
   b - Shroud of Golubria             Charms/Translocation         2
   c - Song of Slaying                Charms                       2
   d - Spectral Weapon                Hexes/Charms                 3
   e - Regeneration                   Charms/Necromancy            3
Comestibles
 c - 8 bread rations
 p - 8 fruits
 q - 5 meat rations


Message History

A red film seems to cover your vision as you go berserk!
You feel yourself moving faster!
You feel mighty!
Xom thinks this is hilarious!
The yak gores your butterfly!
Your butterfly dies!
You bump into the rock wall.
You feel a strong urge to attack something.
You're too confused to move!
You feel your anger subside.
You are no longer berserk.
You pass out from exhaustion.
You feel yourself slow down.
You feel less confused. The yak gores you.
* * * LOW HITPOINT WARNING * * *
The yak gores you.
* * * LOW HITPOINT WARNING * * *
The yak gores you!
You die...
Xom roars with laughter!

##...##.###(...#.## #...#
#..#........#....### #...#
.....##.####..##...#### ##...#
#######.# #.#####....###....# #
##..####.#.............[.#
#.(.##.....######........####
#......#.### ######...##..
#####...#....############........
...........)....@Y....[..........
#####...#.##############.........
..######..##############.........
....................h.%..........
..####...################........
#......### ######### ####..##
####


You could see a yak.

Vanquished Creatures
  Maurice (D:8)
  Grinder (D:5)
  A hippogriff (D:7)
  A human (D:5)
  A hungry ghost (D:9)
  A water moccasin (D:8)
  2 sky beasts
  An ice beast (D:7)
  A phantom (D:5)
  3 necrophages (D:8)
  2 orc warriors
  An ogre (D:4)
  3 wolves
  3 centaurs
  A big kobold (D:7)
  2 bullfrogs
  2 water moccasin zombies
  4 scorpions
  9 killer bees
  5 wights
  A crimson imp (D:5)
  3 hounds
  A centaur skeleton (D:4)
  A jelly (D:5)
  A bullfrog zombie (D:7)
  4 orc wizards
  Jessica (D:3)
  An iguana (D:4)
  4 worker ants
  3 big kobold zombies (Ossuary)
  A hound skeleton (D:7)
  2 mummies (Ossuary)
  2 worker ant zombies
  12 adders
  4 oozes
  An adder skeleton (D:4)
  6 adder zombies (Ossuary)
  2 worms
  A dart slug (D:4)
  7 leopard geckos
  19 orcs
  7 bats
  3 giant cockroaches
  3 goblins
  7 hobgoblins
  4 jackals
  15 kobolds
  4 quokkas
  2 ball pythons
  8 frilled lizards
  2 gnoll zombies (Ossuary)
  5 hobgoblin zombies (Ossuary)
  10 kobold zombies (Ossuary)
  3 orc zombies (Ossuary)
  A quokka zombie (D:7)
  8 rats
204 creatures vanquished.

Vanquished Creatures (collateral kills)
  Grum (D:8)
  A phantom (D:4)
2 creatures vanquished.

Vanquished Creatures (others)
  A wolf (D:8)
  A water moccasin zombie (Ossuary)
  A jackal (D:3)
  A quokka (D:5)
4 creatures vanquished.

Grand Total: 210 creatures vanquished

Notes
Turn   | Place    | Note
-------+----------+-------------------------------------------
     0 | D:1      | patrickswayze the High Elf Chaos Knight began the quest for the Orb.
     0 | D:1      | Reached XP level 1. HP: 16/16 MP: 2/2
    83 | D:1      | Reached skill level 4 in Long Blades
   339 | D:1      | XOM: butterfly on damage
   340 | D:1      | Reached XP level 2. HP: 11/21 MP: 3/3
   438 | D:1      | XOM: divination: detect creatures
   618 | D:1      | XOM: divination: detect items
   768 | D:1      | XOM: mild Erth miscast
  1037 | D:2      | Reached skill level 5 in Long Blades
  1037 | D:2      | Reached XP level 3. HP: 26/26 MP: 4/4
  1114 | D:2      | Found a basalt altar of Yredelemnul.
  1123 | D:2      | XOM: 1-stop teleportation journey
  1133 | D:2      | XOM: chaos upgrade
  1157 | D:2      | XOM: harmless Tloc miscast
  1280 | D:2      | XOM: noise
  1647 | D:2      | XOM: give mutations
  1647 | D:2      | Gained mutation: You are resistant to hostile enchantments. (MR+) [Xom's grace]
  1647 | D:2      | Gained mutation: Your system is resistant to poisons. (rPois) [Xom's grace]
  1728 | D:2      | Reached XP level 4. HP: 31/31 MP: 5/5
  1822 | D:3      | Found a hazy altar of Hepliaklqana.
  1824 | D:3      | Reached skill level 6 in Long Blades
  1854 | D:3      | Found a burning altar of Makhleb.
  2023 | D:3      | XOM: cleaving
  2259 | D:3      | Reached XP level 5. HP: 28/36 MP: 6/6
  2278 | D:3      | XOM: divination: magic mapping
  2282 | D:3      | Reached skill level 7 in Long Blades
  2531 | D:3      | XOM: 2-stop teleportation journey
  2544 | D:3      | Found a glowing golden altar of the Shining One.
  2547 | D:3      | Noticed Jessica
  2556 | D:3      | Killed Jessica
  2664 | D:3      | XOM: harmless Fire miscast
  2715 | D:3      | XOM: summons 4 hostile shadow creatures
  2840 | D:4      | Noticed a phantom
  2864 | D:4      | XOM: medium Conj miscast
  2864 | D:4      | HP: 6/36 [something (13)]
  3046 | D:3      | XOM: mild Ice miscast
  3176 | D:3      | XOM: mild Conj miscast
  3239 | D:3      | Reached skill level 8 in Long Blades
  3302 | D:4      | XOM: summons 1 friendly demon
  3314 | D:4      | Killed a phantom
  3314 | D:4      | Reached XP level 6. HP: 32/42 MP: 7/7
  3320 | D:4      | Found a bloodstained altar of Trog.
  3355 | D:4      | XOM: cloud trail
  3395 | D:4      | XOM: butterfly on damage
  3406 | D:4      | XOM: enchant monster (bad)
  3411 | D:4      | Reached skill level 9 in Long Blades
  3551 | D:4      | XOM: smoke on damage
  3554 | D:4      | Reached XP level 7. HP: 13/46 MP: 8/8
  3668 | D:4      | XOM: give mutations
  3668 | D:4      | Gained mutation: Your body sometimes deteriorates upon taking damage. [Xom's mischief]
  3668 | D:4      | Gained mutation: You are frail. (-10% HP) [Xom's mischief]
  3668 | D:4      | Gained mutation: You are dopey. (Int -2) [Xom's mischief]
  3668 | D:4      | Gained mutation: You are clumsy. (Dex -2) [Xom's mischief]
  3738 | D:4      | XOM: harmless Summ miscast
  3897 | D:4      | XOM: give mutations
  3897 | D:4      | Lost mutation: Your system is resistant to poisons. (rPois) [Xom's mischief]
  3897 | D:4      | Gained mutation: Your system is resistant to poisons. (rPois) [Xom's mischief]
  3897 | D:4      | Lost mutation: You are frail. (-10% HP) [Xom's mischief]
  3897 | D:4      | Gained mutation: You have a pair of small horns on your head. [Xom's mischief]
  3950 | D:4      | XOM: enchant monster (bad)
  3959 | D:4      | Reached skill level 10 in Long Blades
  4057 | D:4      | Found a sacrificial altar of Ru.
  4060 | D:4      | XOM: harmless Tloc miscast
  4397 | D:5      | Entered Level 5 of the Dungeon
  4529 | D:5      | Found a sand-covered staircase.
  4536 | Ossuary  | Entered an ossuary
  4738 | Ossuary  | XOM: mild Fire miscast
  4786 | Ossuary  | Reached skill level 11 in Long Blades
  5094 | D:5      | XOM: god gift: hand crossbow {god gift}
  5102 | D:5      | XOM: cleaving
  5181 | D:5      | XOM: swap monsters
  5201 | D:5      | XOM: 3-stop teleportation journey
  5255 | D:5      | Noticed a human
  5255 | D:5      | an orc priest changed into a human
  5261 | D:5      | XOM: smoke on damage
  5267 | D:5      | Killed a human
  5267 | D:5      | Reached XP level 8. HP: 28/52 MP: 9/9
  5555 | D:5      | XOM: smoke on damage
  5560 | D:5      | Reached skill level 12 in Long Blades
  5821 | D:5      | HP: 3/52 [acid (10)]
  6065 | D:5      | Noticed Grinder
  6072 | D:5      | Killed Grinder
  6201 | D:5      | Found a radiant altar of Vehumet.
  6213 | D:5      | Reached skill level 13 in Long Blades
  6276 | D:5      | Reached skill level 1 in Armour
  6402 | D:5      | XOM: polymorph orc -> ball python
  6819 | D:7      | Reached skill level 3 in Armour
  6830 | D:7      | XOM: give mutation
  6830 | D:7      | Gained mutation: You are partially covered in molten scales. (AC +2) [Xom's grace]
  7039 | D:7      | Reached XP level 9. HP: 56/56 MP: 10/10
  7680 | D:7      | Noticed a komodo dragon
  7680 | D:7      | a hippogriff changed into a komodo dragon
  7680 | D:7      | XOM: polymorph hippogriff -> komodo dragon
  7681 | D:7      | XOM: confuse monster(s)
  8081 | D:7      | XOM: scenery: create altars
  8091 | D:7      | XOM: scenery: 1 doors close
  8173 | D:7      | Reached skill level 3 in Dodging
  8191 | D:8      | Found a staircase to the Lair.
  8206 | D:8      | XOM: scenery: create altars
  8225 | D:8      | XOM: summons friendly crimson imp
  8485 | D:8      | Noticed Grum
  8487 | D:8      | XOM: divine lightning (protected)
  8504 | D:8      | Reached skill level 6 in Dodging
  8524 | D:8      | Killed Grum
  8757 | D:7      | XOM: divination: magic mapping
  8937 | D:8      | XOM: harmless Fire miscast
  9025 | D:8      | Reached XP level 10. HP: 18/63 MP: 11/11
  9366 | D:8      | Noticed Maurice
  9376 | D:8      | XOM: mild Divn miscast
  9398 | D:8      | Killed Maurice
  9398 | D:8      | Reached skill level 9 in Dodging
  9781 | D:9      | XOM: medium Pois miscast
  9827 | D:9      | XOM: smoke on damage
  9828 | D:9      | XOM: mild Fire miscast
  9863 | D:9      | XOM: confuse monster(s)
  9882 | D:9      | XOM: destruction
  9894 | D:8      | XOM: summons 1 hostile demon
  9915 | D:8      | XOM: butterfly on damage
  9923 | D:8      | XOM: confusion (+ monsters)
  9933 | D:8      | HP: 8/63 [yak (6)]
  9934 | D:8      | Slain by a yak

Vault maps used:
D:1:      mrwooster_arrival_statue_3, minivault_23, corexii_hall_statues_u,
          minmay_splitting_lines
D:2:      yredelemnul_altar_generic, nrook_mini_vaults, nrook_mini_backslash
D:3:      makhleb_heckhound_becter, tso_oasis_becter, lemuel_crystal_altar,
          uniq_crazy_yiuf_cottage, uniq_jessica, uniq_natasha
D:4:      kennysheep_spiral_hall, kennysheep_mini_moat, trog_butcher_becter
D:5:      vehumet_statue, lightli_ossuary_entry_decrepit_ruins,
          portal_sewer_entry_e, first_bread, minmay_door_square,
          kennysheep_generic_room_4, uniq_grinder
D:6:      kennysheep_mini, kennysheep_cluttered_room, minmay_shop_grid_forest,
          kennysheep_nondescript, small_statue_intersection,
          nicolae_ashenzari_panopticon, uniq_pikel, uniq_prince_ribbit1,
          uniq_blork_the_orc
D:7:      the_bakery
D:8:      lair_entry_dummy, uniq_grum, uniq_maurice
D:9:      serial_shops, shop
Ossuary:  ossuary_tomb_2

Action                   |  1- 3 |  4- 6 |  7- 9 | 10-12 || total
-------------------------+-------+-------+-------+-------++-------
Melee: Falchion          |   105 |   119 |   605 |    71 ||   900
       Long sword        |       |    34 |     4 |       ||    38
       Headbutt          |       |       |   100 |    11 ||   111
Evoke: Wand              |       |     6 |     8 |       ||    14
  Use: Potion            |     1 |       |     5 |     2 ||     8
       Scroll            |       |     4 |     7 |     2 ||    13
 Stab: Paralysed         |     3 |       |     3 |       ||     6
       Confused          |     2 |     1 |     1 |     1 ||     5
       Petrifying        |       |     1 |     3 |       ||     4
       Petrified         |       |     1 |     8 |       ||     9
  Eat: Chunk             |     3 |     6 |    15 |     3 ||    27
       Beef jerky        |       |       |     1 |     1 ||     2
Armor: Leather armour    |    30 |    35 |   149 |    22 ||   236
Dodge: Dodged            |    54 |   100 |   255 |    44 ||   453
       Rpst.: Falchion   |    18 |    24 |    81 |    14 ||   137
       Long sword        |       |     8 |       |       ||     8
